 Dungeon Crawl Stone Soup version 0.22-a0-866-geee5034 (webtiles) character file.

234304 sking99 the Earth Mage (level 19, -3/121 HPs)
             Began as a Gargoyle Earth Elementalist on July 28, 2018.
             Was the Champion of Vehumet.
             Slain by an emperor scorpion (16 damage)
             ... on level 4 of the Spider Nest.
             The game lasted 02:17:50 (45888 turns).

sking99 the Earth Mage (GrEE)                      Turns: 45888, Time: 02:17:51

Health: -3/121     AC: 34    Str: 12      XL:     19   Next: 59%
Magic:  7/36       EV: 16    Int: 24      God:    Vehumet [******]
Gold:   2808       SH: 14    Dex: 13 (14) Spells: 13/44 levels left

rFire    . . .     SeeInvis +   E - staff of earth
rCold    . . .     Gourm    .   b - +0 shield
rNeg     + . .     Faith    .   x - +2 troll leather armour
rPois    ∞         Spirit   .   K - +2 helmet
rElec    +         Reflect  +   X - +2 cloak
rCorr    .         Harm     .   t - +2 pair of gloves {archery}
MR       +....                  z - +2 pair of boots
Stlth    ++........             u - +3 amulet of reflection
HPRegen  0.70/turn              i - +4 ring of dexterity
MPRegen  0.25/turn              R - ring of see invisible

@: flying
A: big wings, negative energy resistance 1, electricity resistance, unbreathing,
petrification resistance, rot immunity, AC +14
}: 1/15 runes: decaying
a: Stop Flying, Renounce Religion


You were on level 4 of the Spider Nest.
You worshipped Vehumet.
Vehumet was exalted by your worship.
You were not hungry.

You visited 6 branches of the dungeon, and saw 32 of its levels.
You also visited: Sewer, Ice Cave and Volcano.

You collected 3964 gold pieces.
You spent 1156 gold pieces at shops.

Inventory:

Armour
 b - a +0 shield (worn)
 t - a +2 pair of gloves of archery (worn)
 x - a +2 troll leather armour (worn)
 z - a +2 pair of boots (worn)
 K - a +2 helmet (worn)
 X - a +2 cloak (worn)
Magical Staves
 E - an uncursed staff of earth (weapon)
Jewellery
 e - an uncursed ring of protection from cold
 i - a +4 ring of dexterity (left hand)
 l - an uncursed ring of resist corrosion
 u - a +3 amulet of reflection (around neck)
 I - an uncursed ring of wizardry
 R - a ring of see invisible (right hand)
 U - an uncursed ring of magical power
Wands
 f - a wand of clouds (7)
 m - a wand of iceblast (38)
 s - a wand of enslavement (40)
 v - a wand of paralysis (31)
 w - a wand of random effects (11)
 B - a wand of digging (22)
 J - a wand of flame (84)
 P - a wand of acid (12)
Scrolls
 n - 3 scrolls of blinking
 p - 10 scrolls of remove curse
 r - 9 scrolls of fog
 y - 10 scrolls of teleportation
 C - 2 scrolls of summoning
 D - 2 scrolls of fear
 F - 2 scrolls of silence
 N - 4 scrolls of amnesia
 O - 5 scrolls of immolation
 Q - 3 scrolls of enchant weapon
 V - 6 scrolls of identify
Potions
 a - 14 potions of curing
 g - 8 potions of brilliance
 h - a potion of ambrosia
 j - 8 potions of might
 k - 6 potions of haste
 o - 3 potions of invisibility
 q - 6 potions of heal wounds
 A - 6 potions of mutation
 H - 3 potions of resistance
 L - 2 potions of magic
 M - a potion of agility
 W - 2 potions of berserk rage
 Z - a potion of cancellation
Miscellaneous
 c - a phial of floods (inert)
 S - a fan of gales (inert)
Comestibles
 d - 44 rations


   Skills:
 - Level 14.0 Fighting
 + Level 9.2 Staves
 - Level 6.0 Armour
 - Level 9.8 Dodging
 - Level 2.1 Stealth
 * Level 10.4 Shields
 + Level 13.4 Spellcasting
 + Level 15.2 Conjurations
   Level 0.7 Transmutations
 + Level 4.4 Fire Magic
 + Level 16.9 Earth Magic
 - Level 10.0 Evocations


You had 13 spell levels left.
You knew the following spells:

 Your Spells              Type           Power        Failure   Level  Hunger
a - Iron Shot             Conj/Erth      #######...   1%          6    #####..
b - Stone Arrow           Conj/Erth      ######       1%          3    None
c - Lee's Rapid Deconstr  Erth           #######...   1%          5    ###....
d - Conjure Flame         Conj/Fire      ######..     1%          3    None
e - Spellforged Servitor  Conj/Summ      ######....   58%         7    ######.
f - Conjure Ball Lightni  Conj/Air       ######....   16%         6    #####..
g - Sandblast             Erth           ######       0%          1    None

Your spell library contained the following spells:

 Spells                   Type           Power        Failure   Level  Hunger
 Lightning Bolt           Conj/Air       ######....   3%          5    ###....
 Confuse                  Hex            ###.....     26%         3    None
 Throw Frost              Conj/Ice       ######       1%          2    None
 Freezing Cloud           Conj/Ice/Air   #####.....   36%         6    #####..
 Teleport Other           Tloc           ###.....     26%         3    None
 Summon Small Mammal      Summ           ###.         9%          1    None
 Blink                    Tloc           N/A          13%         2    None
 Freeze                   Ice            ###.         2%          1    None
 Summon Ice Beast         Ice/Summ       ###.....     63%         4    None
 Ozocubu's Armour         Chrm/Ice       ###.....     26%         3    None
 Call Imp                 Summ           ###.....     13%         2    None
 Regeneration             Chrm/Necr      ###.......   26%         3    None
 Sting                    Conj/Pois      ####         1%          1    None
 Spider Form              Tmut/Pois      ###.......   22%         3    None
 Blade Hands              Tmut           ###.......   87%         5    ###....
 Statue Form              Tmut/Erth      ######...    34%         6    #####..
 Dragon Form              Tmut           ###.......   100%        7    ######.
 Throw Icicle             Conj/Ice       ######..     1%          4    None
 Confusing Touch          Hex            ###...       9%          1    None
 Passwall                 Tmut/Erth      ######..     1%          2    None
 Sticks to Snakes         Tmut           ###.....     10%         2    None
 Call Canine Familiar     Summ           ###.....     26%         3    None
 Metabolic Englaciation   Hex/Ice        ###.......   93%         5    ###....
 Static Discharge         Conj/Air       ######..     1%          3    None
 Alistair's Intoxication  Tmut/Pois      ###.....     90%         5    ###....
 Petrify                  Tmut/Erth      ######..     2%          4    None
 Passage of Golubria      Tloc           N/A          63%         4    None
 Shroud of Golubria       Chrm/Tloc      ###.......   13%         2    None
 Beastly Appendage        Tmut           ###...       6%          1    None
 Infusion                 Chrm           ###.         9%          1    None
 Song of Slaying          Chrm           ###.....     13%         2    None
 Spectral Weapon          Hex/Chrm       ###.....     26%         3    None
 Summon Lightning Spire   Summ/Air       ###.....     63%         4    None
 Summon Guardian Golem    Hex/Summ       ###.....     26%         3    None
 Hydra Form               Tmut           ###.......   100%        6    #####..
 Irradiate                Conj/Tmut      ######....   2%          5    ###....
 Gell's Gravitas          Tloc           ###.......   26%         3    None
 Yara's Violent Unravell  Hex/Tmut       ###.......   45%         5    ###....
 Lesser Beckoning         Tloc           ###.......   26%         3    None


Dungeon Overview and Level Annotations

Branches:
Dungeon (15/15)            Temple (1/1) D:5            Lair (6/6) D:8
  Swamp (4/4) Lair:3       Spider (4/4) Lair:4        Slime (0/5) Lair:6
    Orc (2/2) D:12            Elf (0/3) Orc:2        Vaults (0/5) D:13
 Depths (0/5) D:15

Altars:
Ashenzari
Cheibriados
Dithmenos
Elyvilon
Fedhas
Gozag
Hepliaklqana
Kikubaaqudgha
Makhleb
Nemelex Xobeh
Okawaru
Qazlal
Ru
Sif Muna
Trog
Uskayaw
Vehumet
Wu Jian
Xom
Yredelemnul
Zin
The Shining One
Beogh
Jiyva

Shops:
D:9 (   D:12 *   D:14 [   Orc:2 *?([

Portals:
Hell: Lair:6

Annotations:
D:5 1 runed door, Aviak's ghost, novice MiBe
Lair:1 3 runed doors, Raugouf's ghost, novice TrBe


Innate Abilities, Weirdness & Mutations

You are resistant to torment.
Your stone body is resilient. (AC +14)
You are immune to poison.
Your large and strong wings let you fly indefinitely.
You resist negative energy. (rN+)
You are resistant to electric shocks. (rElec)
You can survive without breathing.
You are immune to petrification.
You are immune to rotting.


Message History

Your water elemental hits the demonic crawler.
The ghost moth is engulfed in blazing flames.
The ghost moth closely misses you. You block the ghost moth's attack. x2
You hit the ghost moth. You crush the ghost moth!
The ghost moth is almost dead.
The emperor scorpion stings you but does no damage.
The emperor scorpion claws you but does no damage.
You block the emperor scorpion's attack.
The demonic crawler hits your water elemental.
The demonic crawler closely misses your water elemental.
The demonic crawler hits your water elemental but does no damage.
The ghost moth is engulfed in blazing flames.
You kill the ghost moth!
Vehumet accepts your kill.
You feel your power returning.
You hit the demonic crawler but do no damage.
You kill the demonic crawler!
Vehumet accepts your kill.
You feel your power returning. The emperor scorpion stings you!
You die...

^^..#####^^...^^..^#..^..........
^....^.^#######≈...#....†......^.
^.^...^..^.^..§§§§............^..
.....≈.......^§§§§#....^^........
..)≈≈≈≈.......§§§§#...##.........
^≈..≈≈≈........§§§#....##......#.
##≈≈≈≈≈.^.†....§§§##....#........
^..≈###########E§s#....###..#....
......^..^^..≈^.@.##..## #####.<#
..................##### ####
...^......^......^#
..............^^.##
.....)..........≈#
≈.^..^(^..^####### ^###########
##


You could see an emperor scorpion and a friendly water elemental.

Vanquished Creatures
  Nikola (Spider:4)
  Asterion (Spider:1)
  Frances (D:14)
  4 thorn hunters
  Roxanne (Swamp:3)
  Aizul (Swamp:3)
  A frost giant (IceCv)
  5 ghost moths
  2 emperor scorpions
  Louise (Swamp:2)
  3 spark wasps
  3 entropy weavers
  2 dire elephants
  A red draconian (Volcano)
  A fire dragon (D:15)
  An ice dragon (D:15)
  2 ghost crabs
  23 hydras
  Harold (D:8)
  Erica (D:8)
  3 centaur warriors
  4 ogre magi (Orc:2)
  22 two-headed ogres
  10 alligators
  A tengu warrior (D:10)
  12 death yaks
  An orc high priest (Orc:2)
  Nergalle (Lair:3)
  A sun demon (Lair:6)
  An unseen horror (D:12)
  A wizard (D:13)
  3 spriggan druids
  2 shambling mangroves
  9 swamp dragons
  Pikel (D:6)
  22 orb spiders
  An orc sorcerer (Orc:2)
  43 wolf spiders
  2 deep elf magi
  5 oklob plants
  2 manticores
  2 cyclopes (D:15)
  12 ugly things
  2 moths of wrath
  5 black mambas
  15 elephants
  An ice statue (IceCv)
  3 molten gargoyles
  19 spiny frogs
  A gargoyle (D:14)
  Maurice (D:8)
  A torpor snail (Spider:2)
  18 demonic crawlers
  4 orange demons (Lair:6)
  An efreet (D:14)
  A kobold demonologist (D:14)
  7 komodo dragons
  A yaktaur (Volcano)
  5 rime drakes
  3 ice devils
  A red devil (Lair:6)
  A hellwing (Lair:6)
  59 jumping spiders
  5 trolls
  A queen bee (Lair:5)
  Prince Ribbit (D:6)
  14 tyrant leeches
  3 meliai (Lair:5)
  12 polar bears (IceCv)
  22 hornets
  13 blink frogs
  11 bog bodies
  Grinder (D:4)
  20 slime creatures
  19 dream sheep
  7 hippogriffs
  86 redbacks
  8 spriggans
  32 tarantellas
  2 wraiths
  Sigmund (D:2)
  2 fire bats (Volcano)
  5 shadows
  56 yaks
  2 wyverns (Lair:5)
  2 basilisks
  17 vampire mosquitoes
  4 hungry ghosts
  14 swamp worms
  5 insubstantial wisps (Swamp:4)
  5 wargs
  4 acid dragons
  4 hell hounds (Lair:6)
  A soldier ant (D:15)
  15 water moccasins
  Duvessa (D:4)
  A slave (D:6)
  16 swamp drakes
  19 orc warriors
  10 porcupines
  7 ice beasts
  3 black bears
  2 phantoms
  4 sky beasts
  30 ogres
  6 necrophages
  42 wolves
  15 crocodiles
  15 centaurs
  3 big kobolds
  Blork the orc (D:5)
  16 bullfrogs
  Dowan (D:4)
  8 scorpions
  An oklob sapling (D:11)
  5 wights (D:12)
  2 wyvern skeletons
  30 killer bees
  3 electric eels
  5 howler monkeys
  4 bullfrog zombies
  7 crimson imps
  13 hounds
  7 lava snakes (Volcano)
  5 bullfrog skeletons
  3 centaur skeletons
  25 orc priests
  19 orc wizards
  7 jellies
  2 iguanas
  11 worker ants
  2 hound skeletons
  A gnoll (D:6)
  A howler monkey skeleton (D:10)
  25 adders
  3 shadow imps
  3 oozes
  An adder zombie (D:6)
  13 worms
  4 dart slugs
  2 leopard geckos
  95 orcs
  6 giant cockroaches
  3 hobgoblins
  17 jackals
  6 quokkas
  18 ball pythons
  9 bats
  10 frilled lizards
  6 goblins
  24 kobolds
  14 rats
  3 plants
1375 creatures vanquished.

Vanquished Creatures (collateral kills)
  A hydra (Swamp:3)
  A redback (Spider:3)
2 creatures vanquished.

Vanquished Creatures (others)
  A ghost moth (Spider:4)
  An alligator (Swamp:4)
  A wizard (Lair:6)
  A jumping spider (Spider:4)
  A redback (Spider:3)
  2 yaks (IceCv)
  3 slaves (D:6)
  A centaur (D:6)
  A hound (D:6)
  2 gnolls (D:6)
  An adder (D:6)
  A shadow imp (D:6)
  A worm (D:6)
  A leopard gecko skeleton (D:6)
  40 fungi
  21 plants
79 creatures vanquished.

Grand Total: 1456 creatures vanquished

Notes
Turn   | Place    | Note
-------+----------+-------------------------------------------
     0 | D:1      | sking99 the Gargoyle Earth Elementalist began the quest for the Orb.
     0 | D:1      | Reached XP level 1. HP: 10/10 MP: 3/3
   182 | D:1      | Reached XP level 2. HP: 9/15 MP: 0/5
   332 | D:1      | Reached skill level 4 in Earth Magic
   811 | D:1      | Reached XP level 3. HP: 17/19 MP: 4/6
  1292 | D:1      | Learned a level 3 spell: Stone Arrow
  1558 | D:2      | Reached XP level 4. HP: 17/24 MP: 6/8
  1618 | D:2      | Reached skill level 1 in Conjurations
  1973 | D:2      | Found a faded altar of an unknown god.
  1980 | D:2      | Noticed Sigmund
  1988 | D:2      | Killed Sigmund
  1988 | D:2      | Reached skill level 5 in Earth Magic
  1988 | D:2      | Reached XP level 5. HP: 26/28 MP: 3/10
  2236 | D:2      | Reached XP level 6. HP: 32/32 MP: 8/11
  2887 | D:3      | Found a shimmering altar of Xom.
  2958 | D:3      | Found a glowing drain.
  3006 | Sewer    | Entered a sewer
  4263 | D:3      | Found a glowing silver altar of Zin.
  5016 | D:4      | Found a stormy altar of Qazlal.
  5102 | D:4      | Found an ornate altar of the Wu Jian Council.
  5110 | D:4      | Reached skill level 6 in Earth Magic
  5122 | D:4      | Noticed Dowan
  5123 | D:4      | Noticed Duvessa
  5139 | D:4      | Killed Duvessa
  5139 | D:4      | Reached XP level 7. HP: 20/36 MP: 0/13
  5163 | D:4      | Killed Dowan
  5369 | D:4      | Learned a level 5 spell: Lee's Rapid Deconstruction
  5720 | D:4      | Found an iron altar of Okawaru.
  5721 | D:4      | Noticed Grinder
  5734 | D:4      | Paralysed by Grinder for 5 turns
  5741 | D:4      | Killed Grinder
  5741 | D:4      | Reached skill level 1 in Fighting
  5989 | D:5      | Entered Level 5 of the Dungeon
  6037 | D:5      | Reached XP level 8. HP: 44/44 MP: 8/15
  6180 | D:5      | Reached skill level 5 in Spellcasting
  6180 | D:5      | Reached skill level 7 in Earth Magic
  6320 | D:5      | Found a staircase to the Ecumenical Temple.
  6382 | Temple   | Entered the Ecumenical Temple
  6665 | Temple   | Became a worshipper of Vehumet
  6924 | D:5      | Reached skill level 5 in Conjurations
  7109 | D:5      | Noticed Blork the orc
  7113 | D:5      | Killed Blork the orc
  7223 | D:5      | Noticed a rapier of chaos
  7304 | D:5      | Found a runed door.
  7304 | D:5      | Found a shimmering altar of Xom.
  7304 | D:5      | Noticed Aviak's ghost (novice MiBe)
  7600 | D:6      | Noticed Pikel
  7608 | D:6      | Paralysed by Pikel for 4 turns
  7616 | D:6      | Paralysed by Pikel for 5 turns
  7633 | D:6      | Killed Pikel
  7633 | D:6      | Reached skill level 8 in Earth Magic
  7633 | D:6      | Reached XP level 9. HP: 31/52 MP: 0/17
  8335 | D:6      | Found a sparkling altar of Nemelex Xobeh.
  8611 | D:6      | Reached * piety under Vehumet
  8611 | D:6      | Offered knowledge of Shock by Vehumet.
  8652 | D:6      | Reached skill level 5 in Fighting
  9159 | D:6      | Noticed Prince Ribbit
  9164 | D:6      | Killed Prince Ribbit
  9164 | D:6      | Reached skill level 9 in Earth Magic
  9164 | D:6      | Reached XP level 10. HP: 59/59 MP: 10/19
 10430 | D:7      | Offered knowledge of Flame Tongue by Vehumet.
 10833 | D:8      | Found a deep blue altar of Sif Muna.
 10833 | D:8      | Noticed Erica
 10838 | D:8      | Killed Erica
 10838 | D:8      | Reached ** piety under Vehumet
 10838 | D:8      | Reached skill level 5 in Dodging
 10927 | D:8      | Found a hide-covered altar of Uskayaw.
 10940 | D:8      | Found a basalt altar of Yredelemnul.
 11522 | D:8      | Noticed a two-headed ogre
 11534 | D:8      | Killed a two-headed ogre
 11534 | D:8      | Reached skill level 10 in Earth Magic
 11671 | D:8      | Offered knowledge of Throw Frost by Vehumet.
 11958 | D:8      | Noticed Harold
 11968 | D:8      | Killed Harold
 11968 | D:8      | Reached XP level 11. HP: 67/67 MP: 3/22
 12105 | D:8      | Found a staircase to the Lair.
 12117 | D:8      | Noticed Maurice
 12132 | D:8      | Killed Maurice
 12359 | D:9      | Reached *** piety under Vehumet
 12564 | D:9      | Found Niwkeffank's Antique Weapon Boutique.
 12662 | D:9      | Offered knowledge of Conjure Flame by Vehumet.
 13368 | D:9      | Found a glowing golden altar of the Shining One.
 13403 | D:10     | Entered Level 10 of the Dungeon
 13403 | D:10     | Noticed a two-headed ogre
 13406 | D:10     | Killed a two-headed ogre
 13751 | D:10     | Noticed a two-headed ogre
 13754 | D:10     | Killed a two-headed ogre
 13754 | D:10     | Reached skill level 1 in Armour
 13754 | D:10     | Reached skill level 11 in Earth Magic
 14154 | D:10     | Noticed a tengu warrior
 14160 | D:10     | Killed a tengu warrior
 14323 | D:10     | Learned a level 3 spell: Conjure Flame
 14497 | Lair:1   | Entered Level 1 of the Lair of Beasts
 14639 | Lair:1   | Reached XP level 12. HP: 75/75 MP: 18/24
 14747 | Lair:1   | Reached **** piety under Vehumet
 14908 | Lair:1   | Found an opulent altar of Gozag.
 14956 | Lair:1   | Found a runed gate.
 14957 | Lair:1   | Found a runed gate.
 14958 | Lair:1   | Found a runed gate.
 15367 | Lair:1   | Noticed Raugouf's ghost (novice TrBe)
 15464 | Lair:1   | Identified a scroll of acquirement
 15571 | Lair:2   | Offered knowledge of Iskenderun's Mystic Blast by Vehumet.
 15571 | Lair:2   | Reached skill level 1 in Evocations
 16321 | Lair:3   | Found a staircase to the Swamp.
 16324 | Lair:3   | Noticed Nergalle
 16344 | Lair:3   | Killed Nergalle
 16692 | Lair:3   | Reached skill level 10 in Conjurations
 16885 | Lair:3   | Noticed a dire elephant
 16914 | Lair:3   | Found a bloodstained altar of Trog.
 17401 | Lair:3   | Killed a dire elephant
 17401 | Lair:3   | Reached skill level 12 in Earth Magic
 17404 | Lair:3   | Reached XP level 13. HP: 42/80 MP: 2/26
 17696 | Lair:3   | Reached skill level 5 in Armour
 18920 | Lair:4   | Reached ***** piety under Vehumet
 18926 | Lair:4   | Offered knowledge of Airstrike by Vehumet.
 18960 | Lair:4   | Found a hole to the Spider Nest.
 19227 | Lair:5   | Got a dazzling dagger
 19290 | Lair:5   | Reached skill level 10 in Fighting
 19833 | Lair:5   | Gained mutation: Your large and strong wings let you fly indefinitely. [Gargoyle growth]
 19833 | Lair:5   | Reached XP level 14. HP: 79/88 MP: 22/27
 19921 | Lair:5   | Reached skill level 10 in Spellcasting
 19924 | Lair:5   | Reached skill level 5 in Evocations
 19977 | Lair:5   | Offered knowledge of Spellforged Servitor by Vehumet.
 19986 | Lair:5   | Learned a level 7 spell: Spellforged Servitor
 19988 | Lair:5   | Reached skill level 13 in Earth Magic
 20633 | Lair:6   | Entered Level 6 of the Lair of Beasts
 20633 | Lair:6   | Found a viscous altar of Jiyva.
 20633 | Lair:6   | Found a staircase to the Slime Pits.
 20877 | Lair:6   | Found a dark tunnel.
 21290 | Volcano  | Entered a volcano
 22159 | Volcano  | Found a bloodstained altar of Trog.
 22164 | Volcano  | Noticed a red draconian
 22171 | Volcano  | Killed a red draconian
 22676 | Lair:6   | Identified the +2 dagger of Objectivity {flame, rF+ Str+5} (You found it on level 5 of the Lair of Beasts)
 22742 | Lair:6   | Noticed a dire elephant
 22777 | Lair:6   | HP: 1/90 [dire elephant (26)]
 22779 | Lair:6   | Killed a dire elephant
 23371 | Lair:6   | Found a burning altar of Makhleb.
 23628 | Lair:6   | Offered knowledge of Conjure Ball Lightning by Vehumet.
 23694 | Lair:6   | Reached XP level 15. HP: 82/95 MP: 27/29
 24156 | Lair:6   | Found a gateway to Hell.
 24396 | D:10     | Learned a level 6 spell: Conjure Ball Lightning
 25467 | D:11     | Identified Sif Muna's Compendium of Nature
 25614 | D:11     | Found a roughly hewn altar of Beogh.
 25755 | D:12     | Found a staircase to the Orcish Mines.
 25768 | D:12     | Found a roughly hewn altar of Beogh.
 25813 | D:12     | Reached skill level 14 in Earth Magic
 25983 | D:12     | Found Dyumoyng's Serpentskin Sales.
 26402 | Orc:1    | Entered Level 1 of the Orcish Mines
 26848 | Orc:2    | Entered Level 2 of the Orcish Mines
 26848 | Orc:2    | Found a staircase to the Elven Halls.
 27213 | Orc:2    | Found an iron altar of Okawaru.
 27265 | Orc:2    | Reached ****** piety under Vehumet
 27274 | Orc:2    | Reached skill level 1 in Staves
 27497 | Orc:2    | Offered knowledge of Venom Bolt by Vehumet.
 27774 | Orc:2    | Found Oralu's Antique Armour Boutique.
 27775 | Orc:2    | Found Nefia's Magic Scroll Shoppe.
 27775 | Orc:2    | Found Dioweime's General Store.
 27775 | Orc:2    | Found Fiwnoaro's Antique Weapon Shoppe.
 27786 | Orc:2    | Bought a runed buckler for 240 gold pieces
 27786 | Orc:2    | Bought a shiny helmet for 240 gold pieces
 28127 | Orc:2    | Bought a scroll of acquirement for 676 gold pieces
 28129 | Orc:2    | Identified Sif Muna's Almanac of Air and Transmutation (You acquired it on level 2 of the Orcish Mines)
 28369 | D:13     | Found a frozen archway.
 28421 | IceCv    | Entered an ice cave
 28477 | IceCv    | Reached skill level 1 in Shields
 28560 | IceCv    | Reached XP level 16. HP: 88/101 MP: 21/31
 29759 | D:13     | Offered knowledge of Iron Shot by Vehumet.
 29813 | D:13     | Learned a level 6 spell: Iron Shot
 29827 | D:13     | Found a gate to the Vaults.
 30661 | D:14     | Noticed Frances
 30686 | D:14     | Killed Frances
 30781 | D:14     | Found Qoeb's Armour Shoppe.
 31066 | D:15     | Entered Level 15 of the Dungeon
 31122 | D:15     | Found a shattered altar of Ashenzari.
 31664 | D:15     | Found a staircase to the Depths.
 31812 | D:15     | Got a crude copper ring
 32426 | Swamp:1  | Entered Level 1 of the Swamp
 32650 | Swamp:1  | Reached skill level 5 in Staves
 32922 | Swamp:1  | Reached skill level 15 in Earth Magic
 33326 | Swamp:1  | Identified the cursed ring "Geffepn" {AC-3 Str+4} (You found it on level 15 of the Dungeon)
 34098 | Swamp:2  | Offered knowledge of Orb of Destruction by Vehumet.
 34304 | Swamp:2  | Noticed a thorn hunter
 34311 | Swamp:2  | Killed a thorn hunter
 34311 | Swamp:2  | Reached XP level 17. HP: 100/108 MP: 15/33
 34761 | Swamp:2  | Noticed Louise
 34768 | Swamp:2  | Killed Louise
 35049 | Swamp:2  | Got a polished leather armour
 36401 | Swamp:3  | Noticed Aizul
 36407 | Swamp:3  | Killed Aizul
 36561 | Swamp:3  | Noticed Roxanne
 36565 | Swamp:3  | Killed Roxanne
 36572 | Swamp:3  | Identified Roxanne's Handbook of Transmigration (You took it off Roxanne on level 3 of the Swamp)
 36686 | Swamp:3  | Reached skill level 5 in Shields
 36876 | Swamp:3  | Identified the +3 leather armour of the Eight Moons {Int+4} (You found it on level 2 of the Swamp)
 37350 | Swamp:4  | Entered Level 4 of the Swamp
 37812 | Swamp:4  | Offered knowledge of Poison Arrow by Vehumet.
 38485 | Swamp:4  | Reached XP level 18. HP: 75/116 MP: 21/34
 38650 | Swamp:4  | Got a decaying rune of Zot
 39330 | Spider:1 | Entered Level 1 of the Spider Nest
 39343 | Spider:1 | Noticed Asterion
 39383 | Spider:1 | Killed Asterion
 39383 | Spider:1 | Reached skill level 16 in Earth Magic
 39565 | Spider:1 | Got a coiled brass amulet
 39566 | Spider:1 | Identified the amulet of Mirovan {Spirit Int+4} (You acquired it on level 1 of the Spider Nest)
 40360 | Spider:1 | Reached skill level 10 in Evocations
 40634 | Spider:2 | Offered knowledge of Fire Storm by Vehumet.
 40634 | Spider:2 | Offered knowledge of Glaciate by Vehumet.
 40634 | Spider:2 | Offered knowledge of Ignition by Vehumet.
 40943 | Spider:2 | Reached skill level 1 in Fire Magic
 43006 | Spider:3 | Reached XP level 19. HP: 121/121 MP: 30/36
 43548 | Spider:4 | Entered Level 4 of the Spider Nest
 43961 | Spider:4 | Reached skill level 15 in Conjurations
 44212 | Spider:4 | Noticed Nikola
 44476 | Spider:4 | Killed Nikola
 44940 | Spider:4 | Reached skill level 10 in Shields
 45888 | Spider:4 | Slain by an emperor scorpion

Vault maps used:
D:1:      minmay_arrival_three_doors
D:2:      chequers_ecumenical_altar_simple, first_ration, minmay_box_of_dots,
          uniq_sigmund
D:3:      xom_teletrap_fun, lemuel_doored_altar, portal_sewer_entry_a
D:4:      kennysheep_mini_moat, okawaru_metal_pillars_1_2,
          nicolae_qazlal_eye_of_the_storm, uniq_grinder, uniq_duvessa
D:5:      temple_pool_b, ebering_ghost_xom, uniq_blork_the_orc
D:6:      cheibrodos_barr_body, nemelex_xobeh_ov_fountains_minmay,
          nzn_random_ring, uniq_pikel, uniq_prince_ribbit1
D:8:      nicolae_overflow_crystal_walls, grunt_temple_overflow_open,
          erik_lair_orcish_takeover, uniq_maurice, uniq_erica, uniq_harold
D:9:      kennysheep_big_flooded_room, nicolae_tso_swordbearing_angel,
          serial_shops, shop
D:10:     grunt_tengu_nest
D:11:     special_room, introduction_to_nature_2
D:12:     minmay_orc_entry_temple_small, guppyfry_shop_venom
D:13:     david_vaults_1, portal_ice_cave_demonic_guard
D:14:     hangedman_decor_diamond_cutter, serial_shops, shop, uniq_frances
D:15:     grunt_enter_depths_hoard, grunt_decor_arrowhead,
          kennysheep_flooded_box
Temple:   oiseaux_autumnal_temple
Lair:1:   gammafunk_ghost_necromancy, basic_altar, ldierk_geyser, st_stairs_4,
          beast_lair_carwin_7
Lair:2:   lemuel_fruit_fields, grunt_megastairs_2
Lair:3:   mu_elephants_graveyard, swamp_mist, lemuel_centaur_altar,
          infiniplex_staircase_pool, minmay_lair_oklob_chamber, uniq_nergalle
Lair:4:   nicolae_spider_entry_non_spiders, kennysheep_catoblepas_arena,
          lemuel_fruit_tree
Lair:5:   regret_index_tunnel_blossom, small_statue_intersection,
          grunt_forest_large_clearings
Lair:6:   evil_forest, slime_altar_1, nicolae_volcano_entry_hallway
Swamp:1:  evilmike_swamp_ruin_rubble_1
Swamp:2:  nicolae_swamp_trees_clearing, swamp_pool4, roderic_carrion_pond,
          uniq_louise
Swamp:3:  evilmike_swamp_ruin_rubble_2, swamp_pool1, uniq_aizul, uniq_roxanne
Swamp:4:  swamp_alternative, swamp_pool4
Spider:1: hive_lemuel, uniq_asterion
Spider:3: spider_trap, nicolae_spider_nook
Spider:4: grunt_spider_rune_parallel, spider_trap, uniq_nikola
Orc:1:    mines5_lemuel, uniq_josephine
Orc:2:    st_orc_ogre_mass, david_defended_altar_orc
Sewer:    sewer_co_scattered_pipes
IceCv:    ice_cave_caverns_02
Volcano:  volcano_lake

Skill      XL: |  1  2  3  4  5  6  7  8  9 10 11 12 13 14 15 16 17 18 19 |
---------------+----------------------------------------------------------+-----
Earth Magic    | 4 5 6 8 9 10 11 12 13 14 15 16 | 16.9
Spellcasting   | 3 4 5 6 7 8 9 10 11 12 13 | 13.4
Conjurations   | 2 3 4 6 8 9 10 11 12 13 14 15 | 15.2
Fighting       | 1 4 5 7 8 9 10 11 12 13 14 | 14.0
Dodging        | 2 3 4 5 6 7 8 9 |  9.8
Armour         | 2 4 6 |  6.0
Evocations     | 3 4 6 7 8 9 10 | 10.0
Staves         | 3 5 7 8 9 |  9.2
Shields        | 1 4 6 8 10 | 10.4
Fire Magic     | 2 4 |  4.4
Stealth        | |  2.1
Transmutations | |  0.7

Action                   |  1- 3 |  4- 6 |  7- 9 | 10-12 | 13-15 | 16-18 | 19-21 || total
-------------------------+-------+-------+-------+-------+-------+-------+-------++-------
Melee: Unarmed           |    48 |       |       |       |       |       |       ||    48
       Whip              |    44 |   165 |    84 |    49 |    65 |       |       ||   407
       Staff             |       |       |       |     1 |    94 |   628 |   215 ||   938
 Cast: Sandblast         |    37 |    67 |    72 |   106 |   129 |       |       ||   411
       Stone Arrow       |       |    37 |    54 |   200 |   454 |   431 |   113 ||  1289
       Lee's Rapid Decon |       |       |     9 |    66 |   214 |   138 |    18 ||   445
       Iron Shot         |       |       |       |       |       |   225 |    43 ||   268
 Abil: Fly               |       |       |       |       |     1 |       |       ||     1
Evoke: Wand              |       |       |     1 |       |     2 |     2 |     3 ||     8
       Phial of floods   |       |       |       |       |       |     2 |     1 ||     3
       Fan of gales      |       |       |       |       |       |     1 |     1 ||     2
  Use: Scroll            |       |    14 |       |     7 |    12 |    16 |     6 ||    55
       Potion            |       |       |       |       |       |     1 |       ||     1
 Stab: Sleeping          |     2 |       |       |       |       |       |       ||     2
       Distracted        |       |       |       |     1 |       |     1 |       ||     2
  Eat: Chunk             |     2 |    15 |    14 |    31 |    52 |    50 |     8 ||   172
       Ration            |       |       |     1 |     3 |     6 |    21 |     4 ||    35
Armor: Robe              |    41 |    17 |    39 |       |       |       |       ||    97
       Acid dragon scale |       |       |    11 |    75 |   247 |       |       ||   333
       Troll leather arm |       |       |       |       |    29 |   837 |   268 ||  1134
Dodge: Dodged            |    84 |    53 |    67 |   138 |   556 |  1107 |   326 ||  2331
Block: Buckler           |       |       |       |       |     3 |   354 |       ||   357
       Reflection        |       |       |       |       |       |     2 |       ||     2
       Shield            |       |       |       |       |       |   398 |   383 ||   781

Table legend:
 A = Spawn XP
 B = Non-spawn XP
 C = Spawn XP percentage of total XP
 D = Spawn monster count
 E = Non-spawn monster count
 F = Spawn count percentage of total count
 G = Total turns spent on level
                    A         B        C        D         E        F      G
               +---------+---------+-------+---------+---------+-------+---------
         Total |       0 |  365761 |   0.0 |       0 |    1375 |   0.0 | 45888
               +---------+---------+-------+---------+---------+-------+---------
           D:1 |       0 |      47 |   0.0 |       0 |      29 |   0.0 |  1291
           D:2 |       0 |     292 |   0.0 |       0 |      30 |   0.0 |  1510
           D:3 |       0 |      77 |   0.0 |       0 |      21 |   0.0 |   802
           D:4 |       0 |     676 |   0.0 |       0 |      24 |   0.0 |  1317
           D:5 |       0 |     973 |   0.0 |       0 |      25 |   0.0 |  1062
           D:6 |       0 |    2594 |   0.0 |       0 |      37 |   0.0 |  1912
           D:7 |       0 |    1086 |   0.0 |       0 |      24 |   0.0 |  1647
           D:8 |       0 |    4692 |   0.0 |       0 |      31 |   0.0 |  1351
           D:9 |       0 |    3124 |   0.0 |       0 |      36 |   0.0 |  1108
          D:10 |       0 |    4216 |   0.0 |       0 |      15 |   0.0 |  1181
          D:11 |       0 |    6732 |   0.0 |       0 |      79 |   0.0 |  1212
          D:12 |       0 |    4337 |   0.0 |       0 |      34 |   0.0 |   849
          D:13 |       0 |    7825 |   0.0 |       0 |      22 |   0.0 |  1071
          D:14 |       0 |   10404 |   0.0 |       0 |      39 |   0.0 |  1100
          D:15 |       0 |   10208 |   0.0 |       0 |      21 |   0.0 |  1059
        Lair:1 |       0 |    4095 |   0.0 |       0 |      20 |   0.0 |  1119
        Lair:2 |       0 |    2525 |   0.0 |       0 |      13 |   0.0 |   910
        Lair:3 |       0 |   12391 |   0.0 |       0 |      31 |   0.0 |  2114
        Lair:4 |       0 |    7034 |   0.0 |       0 |      35 |   0.0 |  1048
        Lair:5 |       0 |   22397 |   0.0 |       0 |     106 |   0.0 |  1872
        Lair:6 |       0 |   22343 |   0.0 |       0 |      58 |   0.0 |  1855
       Swamp:1 |       0 |   10238 |   0.0 |       0 |      33 |   0.0 |  1607
       Swamp:2 |       0 |   21631 |   0.0 |       0 |      45 |   0.0 |  1929
       Swamp:3 |       0 |   23645 |   0.0 |       0 |      43 |   0.0 |  1914
       Swamp:4 |       0 |   28212 |   0.0 |       0 |      57 |   0.0 |  1412
      Spider:1 |       0 |   26032 |   0.0 |       0 |      71 |   0.0 |  1006
      Spider:2 |       0 |   20990 |   0.0 |       0 |      52 |   0.0 |  1740
      Spider:3 |       0 |   25907 |   0.0 |       0 |      64 |   0.0 |  1752
      Spider:4 |       0 |   41455 |   0.0 |       0 |      95 |   0.0 |  1903
         Orc:1 |       0 |     646 |   0.0 |       0 |      15 |   0.0 |   410
         Orc:2 |       0 |   22918 |   0.0 |       0 |      83 |   0.0 |  1256
         Sewer |       0 |      45 |   0.0 |       0 |      21 |   0.0 |  1188
         IceCv |       0 |   11607 |   0.0 |       0 |      49 |   0.0 |   752
       Volcano |       0 |    4367 |   0.0 |       0 |      17 |   0.0 |  1319
               +---------+---------+-------+---------+---------+-------+---------
